AoeStats
← Bibi-7711

Arabia

508066793Analyzed
1v1 RM · 12d ago on Sep 20, 2026· 53m 17s· 2 players
Game mode
Random Map
Map size
Tiny (2 player)
Population
200
Speed
Normal
Resources
Standard
Victory
Conquest
Starting age
Dark Age
Ending age
Imperial Age
RankedLock teamsTeams togetherTeam positionsShared explorationLock speedFull tech treeHidden civsTurbo modeCheats
Victory
Defeat
🇺🇸 Bulgarians · United States
609
+17
🇧🇪 Bohemians · Belgium
630
-36
ArkyFint
9:03 Loom
12:32 Feudal Age
13:22 Double-Bit Axe
14:06 Horse Collar
14:25 Arson
19:11 Wheelbarrow
20:09 Town Watch
24:37 Castle Age
23:29 Gold Mining
24:19 Bloodlines
25:36 Husbandry
26:28 Heavy Plow
26:45 Bow Saw
27:22 Scale Barding Armor
27:28 Forging
28:14 Chain Barding Armor
29:08 Iron Casting
31:10 Hand Cart
36:56 Imperial Age
34:49 Elite Skirmisher
35:33 Fletching
36:13 Ballistics
38:07 Elite Konnik
39:32 Gold Shaft Mining
41:09 Town Patrol
42:14 Chemistry
41:56 Plate Barding Armor
41:17 Bodkin Arrow
42:22 Blast Furnace
41:24 Padded Archer Armor
41:38 Cavalier
45:04 Stirrups
44:34 Light Cavalry
47:52 Hussar
50:08 Gambesons
50:24 Squires
Bibi-7711
11:50 Feudal Age
17:49 Wheelbarrow
17:07 Double-Bit Axe
22:05 Horse Collar
31:40 Castle Age
32:27 Forging
32:08 Fletching
32:52 Pikeman
34:58 Man-at-Arms
Connection lost

Rejoining the realm…

Still unreachable

The connection could not be restored.

Session expired

The server has moved on; the page needs a fresh start.